 Dungeon Crawl Stone Soup version 0.25-a0-663-gace7076f2c (webtiles) character file.

Game seed: 7218721514078960931, levelgen mode: deterministic

46 LokiSocial the Grave Robber (level 3, -1/19 HPs)
             Began as a Deep Elf Necromancer on Mar 24, 2020.
             Hit by a stone thrown by a hobgoblin (2 damage)
             ... on level 2 of the Dungeon.
             The game lasted 00:13:30 (1394 turns).

LokiSocial the Grave Robber (Deep Elf Necromancer)  Turns: 1394, Time: 00:13:30

Health: -1/19      AC:  5    Str:  5    XL:     3   Next: 46%
Magic:  6/10       EV: 12    Int: 20    God:
Gold:   83         SH:  0    Dex: 15    Spells: 4/9 levels left

rFire    . . .     SeeInvis .   d - +0 short sword
rCold    . . .     Gourm    .   (no shield)
rNeg     . . .     Faith    .   f - +0 leather armour
rPois    .         Spirit   .   (no helmet)
rElec    .         Reflect  .   (no cloak)
rCorr    .         Harm     .   j - +1 pair of gloves
MR       .....                  (no boots)
Stlth    ++........             (no amulet)
HPRegen  0.06/turn              (no ring)
MPRegen  0.12/turn              (no ring)

@: no status effects
A: no striking features
a: no special abilities


You were on level 2 of the Dungeon.
You were not hungry.

You visited 1 branch of the dungeon, and saw 2 of its levels.

You collected 83 gold pieces.

Inventory:

Hand Weapons
 d - a +0 short sword (weapon)
 k - a cursed -3 flail
Missiles
 g - a throwing net (quivered)
Armour
 a - a +0 robe
 f - a +0 leather armour (worn)
 h - a +0 chain mail
 j - a +1 pair of gloves (worn)
Scrolls
 b - 2 scrolls of identify {unknown}
 e - 2 scrolls of teleportation {unknown}
 i - 2 scrolls of enchant armour {unknown}
Comestibles
 c - 3 rations


   Skills:
 + Level 0.1 Fighting
 + Level 2.5 Dodging
 + Level 2.4 Stealth
 + Level 3.9 Spellcasting
 + Level 5.8 Necromancy


You had 4 spell levels left.
You knew the following spells:

 Your Spells              Type           Power        Failure   Level  Hunger
a - Pain                  Necr           ####         1%          1    None
b - Animate Skeleton      Necr           N/A          1%          1    None
c - Vampiric Draining     Necr           ####......   6%          3    ###....

Your spell library contained the following spells:

 Spells                   Type           Power        Failure   Level  Hunger
 Animate Dead             Necr           N/A          19%         4    ####...
 Agony                    Necr           ####....     47%         5    ######.


Dungeon Overview and Level Annotations

Branches:
Dungeon (2/15)

Altars:


Message History

The hobgoblin throws a stone.
The stone hits you.
The hobgoblin throws a stone.
The stone hits your orc skeleton.
Your orc skeleton hits the hobgoblin but does no damage.
The hobgoblin hits your orc skeleton with a +0 club.
A quokka comes into view.
The hobgoblin throws a stone.
The stone hits your orc skeleton but does no damage.
Your orc skeleton misses the hobgoblin.
The hobgoblin throws a stone.
The stone hits your orc skeleton.
Your orc skeleton is destroyed!
Casting: Animate Skeleton (safe; 1% risk of failure)
Confirm with . or Enter, or press ? or * to list all spells.
Aiming: Pain (safe; 1% risk of failure)
Press: ? - help, Shift-Dir - straight line, f/p - hobgoblin
Aim: a hobgoblin, wielding a +0 club, wearing a +0 chain mail and quivering 2 stones (chance to defeat MR: 93%)
The hobgoblin writhes in agony.
The hobgoblin throws a stone.
The stone hits you.
* * * LOW HITPOINT WARNING * * *
The hobgoblin throws a stone.
The stone hits you.
You die...

# .#. #.###...)....# #
...########............#
.
.......................#
#
.......(....o.#...o....#
.%.#..........#.#..#####
. . #....((....#.#.## #
... #...(......#.#.#
.....#...(.)....#...#
.......(.@...)g.#..##
r.....####.####.#.!
...... .... ... .....
..### #.. ... .... .. ..
## .


You could see an orc and a hobgoblin.

Vanquished Creatures
  An adder (D:2)
  2 dart slugs (D:1)
  2 leopard geckos (D:1)
  3 orcs (D:2)
  A giant cockroach (D:1)
  6 goblins
  2 hobgoblins (D:1)
  6 bats
  3 frilled lizards
  A kobold (D:2)
  3 rats
30 creatures vanquished.

Vanquished Creatures (collateral kills)
  A kobold (D:1)
1 creature vanquished.

Grand Total: 31 creatures vanquished

Notes
Turn   | Place    | Note
-------+----------+-------------------------------------------
     0 | D:1      | LokiSocial the Deep Elf Necromancer began the quest for the
                  | Orb.
     0 | D:1      | Reached XP level 1. HP: 10/10 MP: 6/6
    71 | D:1      | Reached skill level 5 in Necromancy
    77 | D:1      | Learned a level 1 spell: Animate Skeleton
   330 | D:1      | Reached XP level 2. HP: 12/15 MP: 6/8
  1026 | D:2      | Reached XP level 3. HP: 11/19 MP: 3/10
  1031 | D:2      | Learned a level 3 spell: Vampiric Draining
  1084 | D:2      | Noticed an orc warrior
  1394 | D:2      | Hit by a stone thrown by a hobgoblin

Levels and vault maps discovered:
D:1:      lemuel_arrival_river_passageway, layout_loops_cross
D:2:      layout_rooms, first_ration

Skill      XL: |  1 |
---------------+----+-----
Necromancy     | 5 |  5.8
Fighting       | |  0.1
Dodging        | |  2.5
Stealth        | |  2.4
Spellcasting   | |  3.9

Action                   || total
-------------------------++-------
Melee: Short sword       ||     2
 Cast: Pain              ||    50
       Animate Skeleton  ||    11
  Eat: Chunk             ||     1
Armor: Robe              ||     3
       Leather armour    ||     3
Dodge: Dodged            ||    13

Table legend:
 A = Non-vault XP
 B = Vault XP
 C = Vault XP percentage of total XP
 D = Non-vault monster count
 E = Vault monster count
 F = Vault count percentage of total count
                 A         B        C        D         E       F
            +---------+---------+-------+---------+---------+-------
      Total |      67 |       0 |   0.0 |      31 |       0 |   0.0
            +---------+---------+-------+---------+---------+-------
        D:1 |      36 |       0 |   0.0 |      20 |       0 |   0.0
        D:2 |      31 |       0 |   0.0 |      11 |       0 |   0.0
            +---------+---------+-------+---------+---------+-------
